 Dungeon Crawl Stone Soup version 0.28-a0-1624-g820543e53a (webtiles) character file.

Game seed: 12067457464202846623

0 horus123 the Ruffian (level 1, 0/15 HPs)
             Began as a Human Wanderer on Jan 23, 2022.
             Slain by a goblin (4 damage)
             ... on level 1 of the Dungeon.
             The game lasted 00:01:04 (75 turns).

horus123 the Ruffian (Human Wanderer)                 Turns: 75, Time: 00:01:05

Health: 0/15       AC:  3    Str: 14    XL:     1   Next: 11%
Magic:  2/2        EV: 11    Int: 12    God:
Gold:   16         SH:  0    Dex: 10    Spells: 2/2 levels left

rFire   . . .      SeeInvis .     - Unarmed
rCold   . . .      Faith    .   (no shield)
rNeg    . . .      Spirit   .   e - +0 leather armour
rPois   .          Reflect  .   (no helmet)
rElec   .          Harm     .   (no cloak)
rCorr   .          Rampage  .   (no gloves)
Will    .....                   (no boots)
Stlth   +.........              (no amulet)
HPRegen 0.05/turn               (no ring)
MPRegen 0.08/turn               (no ring)

@: no status effects
A: no striking features
a: no special abilities


You were on level 1 of the Dungeon.
You visited 1 branch of the dungeon, and saw 1 of its levels.

You collected 16 gold pieces.

Inventory:

Armour
 e - a +0 leather armour (worn)
Scrolls
 b - a scroll of blinking
 c - a scroll of fog
 f - a scroll of fear
Miscellaneous
 d - a piece from Xom's chessboard (15/15) (quivered)


   Skills:
 + Level 1.1 Fighting
 - Level 5.0 Unarmed Combat
 - Level 1.0 Spellcasting
 - Level 3.0 Evocations


You had 2 spell levels left.
You didn't know any spells.
Your spell library was empty.

Dungeon Overview and Level Annotations

Branches:
Dungeon (1/15)

Altars:


Message History

The bat hits you but does no damage. The bat barely misses you.
The bat closely misses you. The bat hits you but does no damage.
The bat barely misses you. The bat hits you but does no damage.
The ball python misses you. The ball python grabs you.
The ball python constricts you.
You escape the ball python's grasp.
The bat hits you. The bat barely misses you.
A goblin comes into view. It is wielding a +0 dagger.
Found 8 gold pieces.
The bat hits you but does no damage. The bat hits you but does no damage.
The bat hits you. The ball python closely misses you.
The ball python grabs you. The ball python constricts you.
The ball python's grasp on you weakens, but your attempt to escape fails.
The ball python barely misses you. The ball python constricts you.
The bat hits you but does no damage.
You escape the ball python's grasp.
The bat hits you. x2
The bat hits you but does no damage. The bat hits you but does no damage.
The bat barely misses you. The bat barely misses you. The bat misses you.
The bat closely misses you. The bat hits you.
A goblin comes into view. It is wielding a +0 club.
The goblin shouts!
The bat barely misses you.
You barely miss the bat. Your punch misses the bat. The bat closely misses you.
You closely miss the bat. The bat hits you but does no damage.
The bat barely misses you.
You miss the bat. The bat barely misses you. x2
You hit the bat but do no damage. The bat barely misses you.
The bat hits you but does no damage.
You barely miss the bat. The bat closely misses you.
You closely miss the bat.
The bat closely misses you. x2; The bat hits you.
* * * LOW HITPOINT WARNING * * *
You closely miss the goblin. The bat barely misses you.
The goblin barely misses you.
You barely miss the goblin. The bat closely misses you.
The goblin hits you with a +0 club.
You die...

...#..#.....###
....##......8.#
##............+
#..#..##......+
..#.........8.#
..#.#.......##
...###...##..##
..#..$.#...#.g########..
#.....#......lSb@g......
########################


You could see 2 goblins, a bat, a ball python and a frilled lizard.

Vanquished Creatures
  A ball python (D:1)
1 creature vanquished.

Notes
Turn   | Place    | Note
-------+----------+-------------------------------------------
     0 | D:1      | horus123 the Human Wanderer began the quest for the Orb.
     0 | D:1      | horus123 set off with the following items: a +0 club, a
                  | scroll of blinking, a scroll of fog, a piece from Xom's
                  | chessboard (15/15), a +0 leather armour, a scroll of fear
     0 | D:1      | Reached XP level 1. HP: 15/15 MP: 2/2
    75 | D:1      | Slain by a goblin

Illustrated notes

Levels and vault maps discovered:
D:1:      erik_arrival_cave_to_civilisation [erik_arrival_cave_to_temple],
          layout_loops_ring, dreamdust_ecumenical_altar_grove

Action                   || total
-------------------------++-------
Melee: Unarmed           ||    13
       Punch             ||     2
Armor: Leather armour    ||    14
Dodge: Dodged            ||    35

Table legend: (Time is in decaauts)
 A = Elapsed time spent in this place.
 B = Non-inter-level travel time spent in this place.
 C = Inter-level travel time spent in this place.
 D = Time resting spent in this place.
 E = Time spent auto-exploring this place.
 F = Levels seen in this place.
 G = Mean time per level.
                   A        B        C        D        E       F      G
               +--------+--------+--------+--------+--------+-----+--------+
         Total |     73 |     73 |      0 |      0 |     23 |   1 |   73.0 |
       Dungeon |     73 |     73 |      0 |      0 |     23 |   1 |   73.0 |
               +--------+--------+--------+--------+--------+-----+--------+

Top non-repeatable levels by time:
     D:1: 73 daAuts
